AoeStats
← Virchow

Arabia

508904697Analyzed
1v1 RM · 8d ago on Sep 24, 2026· 37m 36s· 2 players
Game mode
Random Map
Map size
Tiny (2 player)
Population
200
Speed
Normal
Resources
Standard
Victory
Conquest
Starting age
Dark Age
Ending age
Imperial Age
RankedLock teamsTeams togetherTeam positionsShared explorationLock speedFull tech treeHidden civsTurbo modeCheats
Victory
Defeat
🇹🇼 Spanish · Taiwan
1305
+17
🇩🇪 Magyars · Germany
1318
-17
Virchow
7:24 Loom
9:57 Feudal Age
11:31 Man-at-Arms
15:18 Double-Bit Axe
15:57 Horse Collar
17:27 Wheelbarrow
21:05 Castle Age
19:48 Stone Mining
19:49 Gold Mining
22:03 Bow Saw
23:07 Padded Archer Armor
27:34 Heavy Plow
28:42 Leather Archer Armor
33:36 Imperial Age
31:27 Hand Cart
30:41 Light Cavalry
31:23 Town Watch
32:24 Bloodlines
32:15 Husbandry
33:01 Scale Barding Armor
33:08 Forging
34:54 Chain Barding Armor
33:57 Cavalier
36:34 Plate Barding Armor
36:35 Iron Casting
37:38 Conscription
KIV.Theo
11:02 Feudal Age
9:29 Loom
11:15 Feudal Age
15:40 Castle Age
14:26 Double-Bit Axe
16:37 Bow Saw
16:15 Horse Collar
18:48 Fletching
21:30 Wheelbarrow
21:19 Scale Mail Armor
21:24 Scale Barding Armor
21:28 Bodkin Arrow
24:25 Elite Skirmisher
25:11 Padded Archer Armor
28:06 Leather Archer Armor
32:25 Ballistics
33:02 Thumb Ring
39:08 Imperial Age
Connection lost

Rejoining the realm…

Still unreachable

The connection could not be restored.

Session expired

The server has moved on; the page needs a fresh start.